 Dungeon Crawl Stone Soup version 0.19-a0-1717-gc7c1317 (webtiles) character file.

18 Flanowski the Insei (level 2, -7/14 HPs)
             Began as a Vine Stalker Transmuter on Sept 29, 2016.
             Killed from afar by Natasha (8 damage)
             ... with a magic dart
             ... on level 2 of the Dungeon.
             The game lasted 00:01:11 (919 turns).

Flanowski the Insei (Vine Stalker Transmuter)        Turns: 919, Time: 00:01:11

Health: -7/14      AC:  3    Str: 12    XL:     2   Next: 70%
Magic:  0/6        EV: 12    Int: 13    God:
Gold:   93         SH:  0    Dex: 14    Spells: 1 memorised, 5 levels left

rFire  . . .     SeeInvis .       - Unarmed
rCold  . . .     Gourm    .     b - +0 robe
rNeg   . . .     Faith    .     (no shield)
rPois  .         Spirit   +     (no helmet)
rElec  .         Dismiss  .     (no cloak)
rCorr  .         Reflect  .     (no gloves)
MR     .....     Harm     .     (no boots)
Stlth  +.........               (no amulet)
                                (no ring)
                                (no ring)

@: no status effects
A: fangs 2, magic shield, antimagic bite, no device heal 3, rot immunity
a: no special abilities


You were on level 2 of the Dungeon.
You were not hungry.

You visited 1 branch of the dungeon, and saw 2 of its levels.

You collected 93 gold pieces.

Inventory:

Missiles
 a - 26 arrows
Armour
 b - a +0 robe (worn)
Scrolls
 f - 2 scrolls of amnesia {unknown}
 g - a scroll of remove curse {unknown}
 h - a scroll of teleportation {unknown}
 n - a scroll of fog {unknown}
 p - a scroll of identify {unknown}
 q - 3 scrolls of enchant armour {unknown}
Potions
 e - a potion of haste {unknown}
 j - 2 potions of flight {unknown}
 k - a potion of brilliance {unknown}
 o - a potion of curing {unknown}
Books
 c - a book of Changes

   Spells                             Type                      Level
   a - Beastly Appendage              Transmutation                1
   b - Sticks to Snakes               Transmutation                2
   c - Spider Form                    Transmutation/Poison         3
   d - Ice Form                       Ice/Transmutation            4
   e - Blade Hands                    Transmutation                5
Comestibles
 d - a bread ration
 i - 7 fruits
 l - 3 chunks of flesh
 m - 2 meat rations


   Skills:
 + Level 1.0 Fighting
 + Level 1.6 Dodging
 + Level 3.4 Unarmed Combat
 + Level 2.5 Spellcasting
 * Level 2.2 Transmutations


You had 5 spell levels left.
You knew the following spells:

 Your Spells              Type           Power        Failure   Level  Hunger
a - Beastly Appendage     Tmut           #.....       12%         1    #......


Dungeon Overview and Level Annotations

Branches:
Dungeon (2/15)

Altars:
Kikubaaqudgha

Annotations:
D:2 Natasha


Innate Abilities, Weirdness & Mutations

You have extremely sharp teeth.
When hurt, damage is shared between your health and your magic reserves.
Your bite disrupts and absorbs the magic of your enemies.
Potions and wands cannot restore your health.
You are immune to rotting.


Message History

No target in view!
A worm comes into view.
Your horns disappear.
A magic dart appears from out of thin air!
The magic dart hits you!
A magic dart appears from out of thin air!
The magic dart hits you!
There is an open door here.
There is an ancient bone altar of Kikubaaqudgha here.
Something claws you.
There is an open door here.
You hear some strange, mumbled words.
A magic dart appears from out of thin air!
The magic dart hits you!
* * * LOW HITPOINT WARNING * * *
Some of the chunks of flesh in your inventory have rotted away.
A magic dart appears from out of thin air!
The magic dart hits you!
Ouch! That really hurt!
You die...

#.#.#.######...
###.#...?......w.
#.........####.#.
#.###.###........ . #.# #.#
#.####... .. #.###'###.# #(#
#...'_###.# #.#
####.###'###.## #.#####
#..@.# #.# #..# .......###
#....###.###..##
..#......#####..............#
..# #................#####.#
..# #................# .#
..#.##................# .#
#.#...................# .#
#.#####...............#
#.....................#


There were no monsters in sight!

Vanquished Creatures
  A dart slug (D:1)
  2 bats (D:1)
  2 goblins
  4 hobgoblins
  A kobold (D:1)
  A ball python (D:1)
  2 frilled lizards (D:1)
  3 rats (D:1)
16 creatures vanquished.

Notes
Turn   | Place    | Note
-------+----------+-------------------------------------------
     0 | D:1      | Flanowski the Vine Stalker Transmuter began the quest for the Orb.
     0 | D:1      | Reached XP level 1. HP: 9/9 MP: 4/4
   247 | D:1      | Reached XP level 2. HP: 9/14 MP: 3/6
   844 | D:2      | Reached skill level 1 in Fighting
   881 | D:2      | Found an ancient bone altar of Kikubaaqudgha.
   891 | D:2      | Noticed Natasha
   919 | D:2      | Killed from afar by Natasha

Vault maps used:
D:1:      scummos_arrival_star
D:2:      kennysheep_goblin_castle, lemuel_doored_altar, lemuel_crystal_altar,
          serial_bayou_pond_b, uniq_natasha

Skill      XL: |  1  2 |
---------------+-------+-----
Fighting       | 1 |  1.0
Dodging        | |  1.6
Unarmed Combat | |  3.4
Spellcasting   | |  2.5
Transmutations | |  2.2

Action                   || total
-------------------------++-------
Melee: Unarmed           ||    45
       Bite              ||     8
       Kick              ||     7
       Headbutt          ||     1
 Cast: Beastly Appendage ||    14
Armor: Robe              ||    14
Dodge: Dodged            ||    19
